 Dungeon Sprint DCSS version 0.21.2 (webtiles) character file.

282 Fang the Fighter (level 6, -3/67 HPs)
             Began as a Gargoyle Berserker on Dec 20, 2018.
             Was a High Priest of Trog.
             Slain by a lindwurm (12 damage)
             ... in the Dungeon (Sprint VII: "The Pits").
             The game lasted 00:02:00 (1237 turns).

Fang the Fighter (Gargoyle Berserker)               Turns: 1237, Time: 00:02:01

Health: -3/67      AC: 17    Str: 28    XL:     6   Next: 28%
Magic:  2/2        EV: 10    Int:  7    God:    Trog [*****.]
Gold:   0          SH:  0    Dex:  9    Spells: 5/5 levels left

rFire    . . .     SeeInvis .   p - +3 battleaxe (antimagic)
rCold    . . .     Gourm    .   (shield currently unavailable)
rNeg     + . .     Faith    .   n - +3 chain mail
rPois    ∞         Spirit   .   (no helmet)
rElec    +         Reflect  .   (no cloak)
rCorr    .         Harm     .   (no gloves)
MR       .....     NoTele   +   (no boots)
Stlth    ..........             (no amulet)
HPRegen  0.21/turn              (no ring)
MPRegen  0.08/turn              (no ring)

@: berserking, starving, very quick
A: negative energy resistance 1, electricity resistance, unbreathing,
petrification resistance, rot immunity, AC +4
a: Berserk, Trog's Hand, Brothers in Arms, Burn Spellbooks, Renounce Religion


You were in the Dungeon.
You worshipped Trog.
Trog was extremely pleased with you.
You were starving.

You visited 1 branch

Inventory:

Hand Weapons
 j - a +2 hand axe
 m - a +1 hand axe of chopping
 p - a +3 antimagic battleaxe (weapon)
Armour
 b - a +0 animal skin
 n - a +3 chain mail (worn)
Scrolls
 i - a scroll of blinking
 k - 3 scrolls of remove curse
 l - a scroll of summoning
Potions
 a - 2 potions of invisibility
 d - 6 potions of curing
 e - 6 potions of heal wounds
 f - a potion of haste
 g - 4 potions of magic
 h - 3 potions of berserk rage
Comestibles
 c - 9 rations


   Skills:
 + Level 8.3 Fighting
 + Level 7.9 Axes
 + Level 5.3 Armour
 + Level 4.3 Dodging
 + Level 1.0 Stealth


You had 5 spell levels left.
You didn't know any spells.

Dungeon Overview and Level Annotations

Branches:
Dungeon (1/1)

Altars:
Cheibriados
Dithmenos
Elyvilon
Fedhas
Gozag
Hepliaklqana
Makhleb
Nemelex Xobeh
Okawaru
Qazlal
Ru
Sif Muna
Trog
Vehumet
Wu Jian
Xom
Yredelemnul
Zin
The Shining One
Beogh
Jiyva
Lugonu


Innate Abilities, Weirdness & Mutations

You are resistant to torment.
Your stone body is resilient. (AC +4)
You are immune to poison.
You resist negative energy. (rN+)
You are resistant to electric shocks. (rElec)
You can survive without breathing.
You are immune to petrification.
You are immune to rotting.


Message History

The lindwurm is severely wounded.
The lindwurm barely misses you.
The lindwurm claws you but does no damage.
The lindwurm closely misses you.
You closely miss the lindwurm.
The lindwurm is heavily wounded.
The lindwurm breathes flames at you. The blast of flame hits you!
* * * LOW HITPOINT WARNING * * *
Unknown command.
You slash the lindwurm!
The lindwurm is almost dead.
The lindwurm bites you but does no damage.
The lindwurm claws you but does no damage.
The lindwurm claws you.
* * * LOW HITPOINT WARNING * * *
You hit the lindwurm but do no damage.
The lindwurm is almost dead.
The lindwurm bites you!
You die...

#.#....))..##.......#
#)###########.......#
#.......# #########
#.......# #...#...#
#..###..#+#
#...#...#.+
#.......#k#
#.......'@#
###########


You could see a lindwurm.

Vanquished Creatures
  A wolf (D)
  A quasit (D)
  A worker ant (D)
  A river rat (D)
  2 ufetubi (D)
  An ooze (D)
  An adder skeleton (D)
  An orc (D)
  A giant cockroach (D)
  10 jackals (D)
  A kobold (D)
  A bat (D)
22 creatures vanquished.

Vanquished Creatures (collateral kills)
  Edmund (D)
  A gnoll (D)
2 creatures vanquished.

Grand Total: 24 creatures vanquished

Notes
Turn   | Place    | Note
-------+----------+-------------------------------------------
     0 | D        | Fang the Gargoyle Berserker began the quest for the Orb.
     0 | D        | Reached XP level 1. HP: 14/14 MP: 1/1
    24 | D        | Reached skill level 4 in Fighting
   164 | D        | Found a bloodstained altar of Trog.
   164 | D        | Found a deep blue altar of Sif Muna.
   164 | D        | Found a viscous altar of Jiyva.
   164 | D        | Found a hazy altar of Hepliaklqana.
   164 | D        | Found an opulent altar of Gozag.
   165 | D        | Found a glowing golden altar of the Shining One.
   165 | D        | Found a glowing silver altar of Zin.
   165 | D        | Found a basalt altar of Yredelemnul.
   165 | D        | Found a shimmering altar of Xom.
   165 | D        | Found an ornate altar of the Wu Jian Council.
   165 | D        | Found a sacrificial altar of Ru.
   165 | D        | Found a stormy altar of Qazlal.
   165 | D        | Found an iron altar of Okawaru.
   165 | D        | Found a sparkling altar of Nemelex Xobeh.
   165 | D        | Found a burning altar of Makhleb.
   165 | D        | Found a blossoming altar of Fedhas.
   165 | D        | Found a white marble altar of Elyvilon.
   165 | D        | Found a shadowy altar of Dithmenos.
   165 | D        | Found a snail-covered altar of Cheibriados.
   169 | D        | Found a roughly hewn altar of Beogh.
   169 | D        | Found a corrupted altar of Lugonu.
   169 | D        | Found a radiant altar of Vehumet.
   185 | D        | Reached XP level 2. HP: 15/20 MP: 2/2
   275 | D        | Reached ** piety under Trog
   341 | D        | Reached skill level 5 in Fighting
   341 | D        | Reached XP level 3. HP: 18/26 MP: 3/3
   342 | D        | Reached *** piety under Trog
   343 | D        | Received a gift from Trog
   486 | D        | Reached skill level 6 in Fighting
   486 | D        | Reached XP level 4. HP: 11/32 MP: 4/4
   492 | D        | Reached **** piety under Trog
   743 | D        | Noticed Edmund
   744 | D        | Noticed a wolf
   745 | D        | Reached skill level 5 in Axes
   748 | D        | Reached ***** piety under Trog
   751 | D        | Killed a wolf
   751 | D        | Reached skill level 7 in Fighting
   751 | D        | Reached XP level 5. HP: 38/38 MP: 5/5
   759 | D        | Received a gift from Trog
   781 | D        | Killed Edmund
   781 | D        | Reached skill level 8 in Fighting
   781 | D        | Reached skill level 5 in Armour
   781 | D        | Reached skill level 1 in Stealth
   781 | D        | Reached XP level 6. HP: 13/45 MP: 6/6
  1227 | D        | Noticed a lindwurm
  1237 | D        | Slain by a lindwurm

Skill      XL: |  1  2  3  4  5 |
---------------+----------------+-----
Fighting       | 4 5 6 7 8 |  8.3
Axes           | 3 4 6 7 |  7.9
Dodging        | 2 3 4 |  4.3
Armour         | 3 5 |  5.3
Stealth        | 1 |  1.0

Action                   |  1- 3 |  4- 6 || total
-------------------------+-------+-------++-------
Melee: Hand axe          |    42 |    37 ||    79
       Battleaxe         |       |    15 ||    15
Invok: Berserk           |     2 |     2 ||     4
       Brothers in Arms  |       |     1 ||     1
  Eat: Chunk             |       |     3 ||     3
Armor: Animal skin       |    15 |       ||    15
       Chain mail        |     9 |    63 ||    72
Dodge: Dodged            |    45 |    45 ||    90
